BLB
INDIANAPOLIS CLOWNS @ BALTIMORE BULLDOGS
04/17/2060
 
TOP OF THE 1ST
Pittsburgh Millers batting - Pitching for Batavia Muckdogs : RHP Heath Day
Pitching: RHP Heath Day
Batting: RHB Conner Wilson 0-0: Foul Ball, location: 2F
0-1: Ball
1-1: Fly out, F3 (Popup, 3F, EV 70.6 MPH)
Batting: LHB Jarquez Kafele 0-0: Ball
1-0: Foul Ball, location: 2F
1-1: Ground out 6-3 (Groundball, 6D, EV 95.6 MPH)
Batting: LHB Gavin Tucker 0-0: Called Strike
0-1: Swinging Strike
0-2: Strikes out looking
Top of the 1st over - 0 runs, 0 hits, 0 errors, 0 left on base; Pittsburgh 0 - Batavia 0
BOTTOM OF THE 1ST
Batavia Muckdogs batting - Pitching for Pittsburgh Millers : RHP Bert Franklin
Pitching: RHP Bert Franklin
Batting: RHB Colby Cooper 0-0: Ball
1-0: Ball
2-0: Swinging Strike
2-1: Foul Ball, location: 2F
2-2: Strikes out swinging
Batting: RHB R.J. McCarthy 0-0: Called Strike
0-1: Ball
1-1: Swinging Strike
1-2: Ball
2-2: Ball
3-2: Foul Ball, location: 2F
3-2: Base on Balls
Batting: LHB Donald Dworkin 0-0: Called Strike
0-1: Ball
1-1: Ball
2-1: Foul Ball, location: 2F
2-2: Foul Ball, location: 2F
2-2: Fielders Choice at 2nd, 1-6 (Groundball, P, EV 71.9 MPH)
Batting: LHB Edward Schachter 0-0: Called Strike
0-1: Hit by Pitch
Donald Dworkin to second
Batting: RHB Tommy Tyrrell 0-0: Called Strike
0-1: Fielders Choice at 2nd, 6-4 (Groundball, 6, EV 91.9 MPH)
Bottom of the 1st over - 0 runs, 0 hits, 0 errors, 2 left on base; Pittsburgh 0 - Batavia 0
TOP OF THE 2ND
Pittsburgh Millers batting - Pitching for Batavia Muckdogs : RHP Heath Day
Batting: RHB LaMark Canete 0-0: Called Strike
0-1: Fly out, F9 (Flyball, 9D, EV 96.2 MPH)
Batting: LHB Byron Carlton 0-0: Called Strike
0-1: Ball
1-1: Ball
2-1: Ball
3-1: Foul Ball, location: 2F
3-2: Strikes out swinging
Batting: LHB Zac Arellanes 0-0: Ball
1-0: Swinging Strike
1-1: Ball
2-1: Ground out 4-3 (Groundball, 4, EV 108.1 MPH)
Top of the 2nd over - 0 runs, 0 hits, 0 errors, 0 left on base; Pittsburgh 0 - Batavia 0
BOTTOM OF THE 2ND
Batavia Muckdogs batting - Pitching for Pittsburgh Millers : RHP Bert Franklin
Batting: RHB Julius McCurdy 0-0: Ball
1-0: Ball
2-0: SINGLE (Groundball, 6MD, EV 103.1 MPH)
Batting: RHB Wade Cummins 0-0: Ball
1-0: SINGLE (Line Drive, 6MD, EV 99.4 MPH)
Julius McCurdy to second
Batting: RHB J.T. Villagran 0-0: Foul Ball, location: 2F
0-1: Ball
1-1: Ball
2-1: Foul Ball, location: 2F
2-2: Foul Ball, location: 2F
2-2: Strikes out looking
Batting: LHB Nic Edwards 0-0: Swinging Strike
0-1: Swinging Strike
0-2: Ball
1-2: Strikes out swinging
Batting: RHB Colby Cooper 0-0: Swinging Strike
0-1: Ball
1-1: Foul Ball, location: 2F
1-2: DOUBLE (Flyball, 8LXD, EV 101.2 MPH)
Julius McCurdy scores
Wade Cummins to third
Runner from 3rd tries for Home, SAFE, throw by CF to home
Batting: RHB R.J. McCarthy 0-0: Ball
1-0: Ball
2-0: Swinging Strike
2-1: Ground out 4-3 (Groundball, 4, EV 86.9 MPH)
Bottom of the 2nd over - 2 runs, 3 hits, 0 errors, 1 left on base; Pittsburgh 0 - Batavia 2
TOP OF THE 3RD
Pittsburgh Millers batting - Pitching for Batavia Muckdogs : RHP Heath Day
Batting: RHB Cato Flaig 0-0: Foul Ball, location: 2F
0-1: Foul Ball, location: 2F
0-2: Strikes out swinging, 2-3 out at first.
Batting: LHB Skye Maury 0-0: Called Strike
0-1: SINGLE (Line Drive, 89S, EV 98.1 MPH)
Batting: RHB Isaac Pack 0-0: Foul Ball, location: 2F
0-1: Called Strike
Skye Maury steals 2nd base
0-2: Fly out, F8 (Flyball, 8RD, EV 99.4 MPH)
Runner from 2nd tags up, SAFE at 3rd with throw by CF
Batting: RHB Conner Wilson 0-0: Ball
1-0: Swinging Strike
1-1: Ball
2-1: Swinging Strike
2-2: Strikes out looking
Top of the 3rd over - 0 runs, 1 hit, 0 errors, 1 left on base; Pittsburgh 0 - Batavia 2
BOTTOM OF THE 3RD
Batavia Muckdogs batting - Pitching for Pittsburgh Millers : RHP Bert Franklin
Batting: LHB Donald Dworkin 0-0: SINGLE (Groundball, 34S, EV 73.8 MPH) (infield hit)
Batting: LHB Edward Schachter 0-0: Ball
Donald Dworkin steals 2nd base
1-0: Called Strike
1-1: Foul Ball, location: 2F
1-2: Ball
2-2: Ball
3-2: Base on Balls
Batting: RHB Tommy Tyrrell 0-0: Ground out 3-1 (Groundball, 34S, EV 67.5 MPH)
Donald Dworkin to third
Edward Schachter to second
Batting: RHB Julius McCurdy 0-0: Swinging Strike
0-1: Ball
1-1: Ball
2-1: Foul Ball, location: 2F
2-2: Strikes out swinging
Batting: RHB Wade Cummins 0-0: Foul Ball, location: 2F
0-1: Called Strike
0-2: Fly out, F8 (Flyball, 8LM, EV 80.6 MPH)
Bottom of the 3rd over - 0 runs, 1 hit, 0 errors, 2 left on base; Pittsburgh 0 - Batavia 2
TOP OF THE 4TH
Pittsburgh Millers batting - Pitching for Batavia Muckdogs : RHP Heath Day
Batting: LHB Jarquez Kafele 0-0: SINGLE (Groundball, 34D, EV 98.8 MPH)
Batting: LHB Gavin Tucker 0-0: Foul Ball, location: 2F
0-1: Called Strike
Jarquez Kafele steals 2nd base
0-2: Ball
1-2: DOUBLE (Groundball, 3L, EV 102.5 MPH)
Jarquez Kafele scores
Batting: RHB LaMark Canete 0-0: Ball
1-0: Called Strike
1-1: Called Strike
1-2: Strikes out swinging
Batting: LHB Byron Carlton 0-0: SINGLE (Groundball, 3S, EV 69.4 MPH) (infield hit)
Gavin Tucker to third
Batting: LHB Zac Arellanes 0-0: Ball
Byron Carlton is caught stealing 2nd base 2-6
1-0: Called Strike
1-1: Swinging Strike
1-2: Foul Ball, location: 2F
1-2: Strikes out swinging
Top of the 4th over - 1 run, 3 hits, 0 errors, 1 left on base; Pittsburgh 1 - Batavia 2
BOTTOM OF THE 4TH
Batavia Muckdogs batting - Pitching for Pittsburgh Millers : RHP Bert Franklin
Batting: RHB J.T. Villagran 0-0: Ball
1-0: Ball
2-0: Called Strike
2-1: Foul Ball, location: 2F
2-2: Ground out 5-3 (Groundball, 5L, EV 110.6 MPH)
Batting: LHB Nic Edwards 0-0: Ball
1-0: Called Strike
1-1: Foul Ball, location: 2F
1-2: Ground out 6-3 (Groundball, 6M, EV 105.0 MPH)
Batting: RHB Colby Cooper 0-0: Ball
1-0: Ball
2-0: Called Strike
2-1: Swinging Strike
2-2: Ball
3-2: Foul Ball, location: 2F
3-2: SOLO HOME RUN (Flyball, 7LD, EV 94.4 MPH), Distance : 348 ft
Batting: RHB R.J. McCarthy 0-0: Ball
1-0: Ball
2-0: Foul Ball, location: 2F
2-1: Ball
3-1: Base on Balls
Batting: LHB Donald Dworkin 0-0: Called Strike
0-1: Ball
1-1: Ball
2-1: Ball
3-1: Base on Balls
R.J. McCarthy to second
Pitching: RHP Greg Elich
Batting: LHB Edward Schachter 0-0: Called Strike
0-1: Foul Ball, location: 2F
0-2: Ball
1-2: Strikes out looking
Bottom of the 4th over - 1 run, 1 hit, 0 errors, 2 left on base; Pittsburgh 1 - Batavia 3
TOP OF THE 5TH
Pittsburgh Millers batting - Pitching for Batavia Muckdogs : RHP Heath Day
Batting: RHB Cato Flaig 0-0: Ball
1-0: Ball
2-0: Ball
3-0: Called Strike
3-1: Base on Balls
Batting: LHB Skye Maury 0-0: Called Strike
0-1: Foul Ball, location: 2F
0-2: Ball
1-2: Foul Ball, location: 2F
1-2: DOUBLE (Groundball, 3L, EV 105.0 MPH)
Cato Flaig to third
Batting: RHB Isaac Pack 0-0: Called Strike
0-1: Fly out, F4 (Popup, 4M, EV 78.8 MPH)
Batting: RHB Conner Wilson 0-0: Foul Ball, location: 2F
0-1: Ball
1-1: Fly out, F7 (Flyball, 7D, EV 105.0 MPH)
Runner from 3rd tags up, SCORES, no throw by LF
Batting: LHB Jarquez Kafele 0-0: Ball
1-0: Swinging Strike
1-1: Swinging Strike
1-2: Ball
2-2: Foul Ball, location: 2F
2-2: SINGLE (Flyball, 56D, EV 86.2 MPH)
Skye Maury to third
Batting: LHB Gavin Tucker 0-0: Called Strike
Jarquez Kafele steals 2nd base
0-1: Ball
1-1: Foul Ball, location: 2F
1-2: Strikes out swinging
Top of the 5th over - 1 run, 2 hits, 0 errors, 2 left on base; Pittsburgh 2 - Batavia 3
BOTTOM OF THE 5TH
Batavia Muckdogs batting - Pitching for Pittsburgh Millers : RHP Greg Elich
Batting: RHB Tommy Tyrrell 0-0: Hit by Pitch
Batting: RHB Julius McCurdy 0-0: Fly out, F8 (Line Drive, 8LM, EV 94.4 MPH)
Batting: RHB Wade Cummins 0-0: Ball
1-0: Called Strike
1-1: Foul Ball, location: 2F
1-2: Foul Ball, location: 2F
1-2: 2-RUN HOME RUN (Flyball, 9D, EV 91.9 MPH), Distance : 359 ft
Batting: RHB J.T. Villagran 0-0: Called Strike
0-1: Ground out 1-3 (Groundball, 15, EV 66.9 MPH)
Batting: LHB Nic Edwards 0-0: Ball
1-0: Ball
2-0: Foul Ball, location: 2F
2-1: Foul Ball, location: 2F
2-2: Foul Ball, location: 2F
2-2: Strikes out swinging
Bottom of the 5th over - 2 runs, 1 hit, 0 errors, 0 left on base; Pittsburgh 2 - Batavia 5
TOP OF THE 6TH
Pittsburgh Millers batting - Pitching for Batavia Muckdogs : RHP Heath Day
Batting: RHB LaMark Canete 0-0: Foul Ball, location: 2F
0-1: Swinging Strike
0-2: Fly out, F7 (Line Drive, 7, EV 105.6 MPH)
Batting: LHB Byron Carlton 0-0: Ball
1-0: Swinging Strike
1-1: Foul Ball, location: 2F
1-2: Ball
2-2: Foul Ball, location: 2F
2-2: Foul Ball, location: 2F
2-2: Foul Ball, location: 2F
2-2: Foul Ball, location: 2F
2-2: Foul Ball, location: 2F
2-2: Ball
3-2: Hit by Pitch
Batting: LHB Zac Arellanes 0-0: Ball
Byron Carlton steals 2nd base
1-0: Called Strike
1-1: Called Strike
1-2: Strikes out swinging
Batting: RHB Cato Flaig 0-0: Swinging Strike
0-1: Ball
1-1: Called Strike
1-2: SINGLE (Line Drive, 3D, EV 95.0 MPH)
Byron Carlton to third
Runner from 3rd tries for Home, throw by RF and OUT! 9-2
Top of the 6th over - 0 runs, 1 hit, 0 errors, 1 left on base; Pittsburgh 2 - Batavia 5
BOTTOM OF THE 6TH
Batavia Muckdogs batting - Pitching for Pittsburgh Millers : RHP Greg Elich
Batting: RHB Colby Cooper 0-0: Ball
1-0: Foul Ball, location: 2F
1-1: Ball
2-1: Ball
3-1: Called Strike
3-2: DOUBLE (Flyball, 8RXD, EV 98.1 MPH)
Batting: RHB R.J. McCarthy 0-0: Called Strike
0-1: Ball
1-1: Ball
2-1: Ball
3-1: Called Strike
3-2: Base on Balls
Batting: LHB Donald Dworkin 0-0: Ball
1-0: Called Strike
1-1: Ball
2-1: Fly out, F9 (Flyball, 9, EV 88.8 MPH)
Batting: LHB Edward Schachter 0-0: Ball
1-0: Called Strike
1-1: Ball
2-1: Foul Ball, location: 2F
2-2: Strikes out swinging
Batting: RHB Tommy Tyrrell 0-0: Foul Ball, location: 2F
0-1: Ball
1-1: Ball
2-1: Called Strike
2-2: Ball
3-2: Foul Ball, location: 2F
3-2: Ground out 3-1 (Groundball, 34, EV 88.8 MPH)
Bottom of the 6th over - 0 runs, 1 hit, 0 errors, 2 left on base; Pittsburgh 2 - Batavia 5
TOP OF THE 7TH
Pittsburgh Millers batting - Pitching for Batavia Muckdogs : RHP Heath Day
Batting: LHB Skye Maury 0-0: Ball
1-0: Foul Ball, location: 2F
1-1: Ball
2-1: Ball
3-1: DOUBLE (Line Drive, 78D, EV 104.4 MPH)
Batting: RHB Isaac Pack 0-0: Called Strike
0-1: Ball
1-1: Ball
2-1: Ground out 6-3 (Groundball, 56, EV 101.9 MPH)
Batting: RHB Conner Wilson 0-0: Called Strike
0-1: Fly out, F7 (Flyball, 7, EV 76.2 MPH)
Pitching: LHP Wayland Pond
Batting: LHB Jarquez Kafele 0-0: Fly out, F8 (Flyball, 78M, EV 84.4 MPH)
Top of the 7th over - 0 runs, 1 hit, 0 errors, 1 left on base; Pittsburgh 2 - Batavia 5
BOTTOM OF THE 7TH
Batavia Muckdogs batting - Pitching for Pittsburgh Millers : RHP Greg Elich
Batting: RHB Julius McCurdy 0-0: Foul Ball, location: 2F
0-1: Ball
1-1: Swinging Strike
1-2: Strikes out looking
Batting: RHB Wade Cummins 0-0: Ball
1-0: Called Strike
1-1: Called Strike
1-2: Ball
2-2: Foul Ball, location: 2F
2-2: Foul Ball, location: 2F
2-2: DOUBLE (Line Drive, 8RD, EV 107.5 MPH)
Pitching: RHP Hayden Charbonneau
Batting: RHB J.T. Villagran 0-0: Called Strike
0-1: Ball
1-1: Ball
2-1: Foul Ball, location: 2F
2-2: Foul Ball, location: 2F
2-2: Strikes out swinging
Batting: LHB Nic Edwards 0-0: Foul Ball, location: 2F
0-1: Foul Ball, location: 2F
0-2: Foul Ball, location: 2F
0-2: Ball
1-2: Ball
2-2: Ball
3-2: Foul Ball, location: 2F
3-2: Strikes out swinging
Bottom of the 7th over - 0 runs, 1 hit, 0 errors, 1 left on base; Pittsburgh 2 - Batavia 5
TOP OF THE 8TH
Pittsburgh Millers batting - Pitching for Batavia Muckdogs : LHP Wayland Pond
Batting: LHB Gavin Tucker 0-0: Ball
1-0: SINGLE (Line Drive, 8RS, EV 95.6 MPH)
Pitching: RHP Herm Cobaj
Batting: RHB LaMark Canete 0-0: Ball
1-0: Called Strike
1-1: Ball
2-1: Ball
3-1: Foul Ball, location: 2F
3-2: Fly out, F7 (Flyball, 78S, EV 88.1 MPH)
Batting: LHB Byron Carlton 0-0: Foul Ball, location: 2F
0-1: Ball
1-1: Called Strike
1-2: Ball
2-2: Foul Ball, location: 2F
2-2: DOUBLE (Line Drive, 89D, EV 107.5 MPH)
Gavin Tucker to third
Runner from 3rd tries for Home, SAFE, throw by CF to home
Batting: LHB Zac Arellanes 0-0: Called Strike
0-1: Called Strike
0-2: SINGLE (Line Drive, 7S, EV 103.8 MPH)
Byron Carlton to third
Runner from 3rd tries for Home, SAFE, throw by LF to home
Batting: RHB Cato Flaig 0-0: Called Strike
0-1: Ball
1-1: Foul Ball, location: 2F
1-2: Ball
2-2: Strikes out swinging
Batting: LHB Skye Maury 0-0: Called Strike
0-1: Swinging Strike
0-2: Ball
1-2: Strikes out swinging
Top of the 8th over - 2 runs, 3 hits, 0 errors, 1 left on base; Pittsburgh 4 - Batavia 5
BOTTOM OF THE 8TH
Batavia Muckdogs batting - Pitching for Pittsburgh Millers : RHP Hayden Charbonneau
Pitching: RHP Shavar Hannan
Batting: RHB Colby Cooper 0-0: Ball
1-0: Ball
2-0: Foul Ball, location: 2F
2-1: Swinging Strike
2-2: Foul Ball, location: 2F
2-2: Foul Ball, location: 2F
2-2: Strikes out looking
Batting: RHB R.J. McCarthy 0-0: Fly out, F7 (Flyball, 7, EV 84.4 MPH)
Batting: LHB Donald Dworkin 0-0: Ball
1-0: Ball
2-0: Called Strike
2-1: Foul Ball, location: 2F
2-2: Ball
3-2: SOLO HOME RUN (Flyball, 9D, EV 95.6 MPH), Distance : 355 ft
Batting: LHB Edward Schachter 0-0: Called Strike
0-1: Foul Ball, location: 2F
0-2: Ball
1-2: Ball
2-2: Strikes out swinging
Bottom of the 8th over - 1 run, 1 hit, 0 errors, 0 left on base; Pittsburgh 4 - Batavia 6
TOP OF THE 9TH
Pittsburgh Millers batting - Pitching for Batavia Muckdogs : RHP Herm Cobaj
Pitching: LHP Isaac Bates
Batting: RHB Isaac Pack 0-0: Called Strike
0-1: Ball
1-1: SINGLE (Line Drive, 9S, EV 91.9 MPH)
Batting: RHB Conner Wilson 0-0: Ball
1-0: Ball
2-0: Ball
3-0: Base on Balls
Isaac Pack to second
Pinch Hitting: RHB Colton Coffin 0-0: Called Strike
0-1: Ball
1-1: Fly out, F8 (Flyball, 8LS, EV 78.8 MPH)
Batting: LHB Gavin Tucker 0-0: Called Strike
0-1: Called Strike
0-2: Ball
1-2: Ball
2-2: Ball
3-2: Strikes out looking
Batting: RHB LaMark Canete 0-0: Called Strike
0-1: Foul Ball, location: 2F
0-2: Strikes out swinging
Top of the 9th over - 0 runs, 1 hit, 0 errors, 2 left on base; Pittsburgh 4 - Batavia 6
Monday, April 29th , 2024 - OOTP Baseball 23.10 Build 110